 Dungeon Crawl Stone Soup version 0.31.0-9-g3a7656b989 (webtiles) character file.

Game seed: 14743212195035411050

877 qw the Skirmisher (level 7, -9/40 HPs)
             Began as a Deep Elf Hunter on Feb 2, 2024.
             Mangled by an orc warrior
             ... wielding a +0 short sword
              (11 damage)
             ... on level 6 of the Dungeon.
             The game lasted 00:00:21 (4769 turns).

qw the Skirmisher (Deep Elf Hunter)                 Turns: 4769, Time: 00:00:22

Health: -9/40      AC:  8    Str: 10      XL:     7   Next: 75%
Magic:  9/9        EV: 11    Int: 12 (14) God:
Gold:   122        SH:  0    Dex: 16 (18) Spells: 6/6 levels left

rFire   . . .        a - +1 shortbow (freeze)
rCold   + + .        (shield currently unavailable)
rNeg    . . .        f - +0 ring mail
rPois   .            g - +0 helmet
rElec   .            m - +0 cloak
rCorr   .            h - +0 pair of gloves
SInv    .            (no boots)
Will    .....        e - amulet of the acrobat
Stlth   +            n - ring of protection from cold
HPRegen 0.26/turn    p - ring of protection from cold
MPRegen 0.11/turn

%: acrobat
@: about to teleport
A: no striking features
a: no special abilities


You were on level 6 of the Dungeon.
You visited 2 branches of the dungeon, and saw 7 of its levels.

You collected 312 gold pieces.
You spent 190 gold pieces at shops.


   Skills:
 - Level 2.3 Fighting
 + Level 11.9 Ranged Weapons
 - Level 1.0 Armour
 - Level 3.0 Dodging
 - Level 1.2 Stealth


You had 6 spell levels left.
You didn't know any spells.
Your spell library was empty.

Inventory:

Hand Weapons
 a - a +1 shortbow of freezing (weapon)
Armour
 f - a +0 ring mail (worn)
 g - a +0 helmet (worn)
 h - a +0 pair of gloves (worn)
 m - a +0 cloak (worn)
 o - a +1 scale mail of positive energy
Jewellery
 e - an amulet of the acrobat (around neck)
 n - a ring of protection from cold (left hand)
 p - a ring of protection from cold (right hand)
 q - a ring of protection from fire
Wands
 l - a wand of paralysis (2)
Scrolls
 b - 3 scrolls of identify
 i - a scroll of teleportation
Potions
 c - 2 potions of might
 d - 3 potions of mutation
 j - 2 potions of resistance
 k - 5 potions of curing

Dungeon Overview and Level Annotations

Branches:
Dungeon (6/15)             Temple (1/1) D:5

Altars:
Ashenzari
Cheibriados
Dithmenos
Elyvilon
Gozag
Kikubaaqudgha
Qazlal
Ru
Sif Muna
Trog
Uskayaw
Wu Jian
Yredelemnul
The Shining One

Shops:
D:4 [[!?[


Message History

The orc wizard flickers and vanishes!
Deactivating autopickup; reactivate with Ctrl-A.
You shoot an arrow. The arrow hits the orc warrior!
The arrow freezes the orc warrior.
The orc warrior is almost dead.
An orc comes into view. It is wielding a +0 flail.
You shoot an arrow.
The arrow hits the orc warrior but does no damage.
The orc warrior is severely wounded.
The orc warrior barely misses you.
You shoot an arrow.
The arrow closely misses the orc warrior.
You shoot an arrow. The arrow hits the orc warrior.
The arrow freezes the orc warrior.
The orc warrior is almost dead.
The orc warrior barely misses you. The orc priest misses you.
You shoot an arrow. The arrow hits the orc warrior.
The arrow freezes the orc warrior.
The orc warrior is almost dead.
The orc warrior hits you with a +0 short sword.
You shoot an arrow.
The arrow closely misses the orc warrior.
The orc warrior hits you with a +0 short sword!
The orc priest mumbles some strange prayers to Beogh against you.
Beogh smites you!
You shoot an arrow.
The arrow hits the orc warrior but does no damage.
The orc warrior is almost dead.
The orc warrior closely misses you. Something hits you.
The orc priest calls down the wrath of Beogh upon you.
Pain shoots through your body!
You shoot an arrow.
The arrow barely misses the orc warrior.
The orc warrior hits you with a +0 short sword!
Something hits you but does no damage. The orc priest barely misses you.
4769 ||| READING 2 scrolls of teleportation.
As you read the scroll of teleportation, it crumbles to dust.
You feel strangely unstable.
The orc warrior hits you with a +0 short sword!
You die...

##.###.# ##.###.
##.#..# #.##.. #
##...# #....# #.##
#..## #....# ..#
##.#### ##).##
#.#####.....####....
#..#...............
#####............#....
#...o@o.........###...
#.####{##.......##
###. ##o#......## #.
.##....## ## .....>##
## ...##.# ###. ..# ..
####... .## .......
.......


You could see an orc warrior, an orc priest and an orc.

Vanquished Creatures
  Grinder (D:6)
  A black bear (D:5)
  A phantom (D:6)
  A scorpion (D:4)
  2 hounds
  2 iguanas
  3 orc wizards
  Terence (D:2)
  Robin (D:2)
  9 adders
  A white imp (D:5)
  3 dart slugs
  4 ribbon worms
  17 orcs
  6 ball pythons
  7 bats
  9 endoplasms
  3 giant cockroaches
  17 goblins
  9 hobgoblins
  6 jackals (D:1)
  5 quokkas
  3 frilled lizards
  5 kobolds
  7 rats
124 creatures vanquished.

Notes
Turn   | Place    | Note
-------+----------+-------------------------------------------
     0 | D:1      | qw the Deep Elf Hunter began the quest for the Orb.
     0 | D:1      | Reached XP level 1. HP: 12/12 MP: 3/3
     0 | D:1      | 0 ||| qw: Version: 0.3-a-155-g5e7d8dd
     0 | D:1      | 0 ||| qw: Game counter: 1151
     0 | D:1      | 0 ||| qw: Melee chars always use a shield: true
     0 | D:1      | 0 ||| qw: God list: Okawaru
     0 | D:1      | 0 ||| qw: Allow faded altars: false
     0 | D:1      | 0 ||| qw: Do Orc after clearing Dungeon:15 true
     0 | D:1      | 0 ||| qw: Do second Lair branch before Depths: true
     0 | D:1      | 0 ||| qw: Lair rune preference: random
     0 | D:1      | 0 ||| qw: Goals: Normal
     0 | D:1      | 0 ||| PLANNING D:1-11
   154 | D:1      | Reached skill level 6 in Ranged Weapons
   154 | D:1      | Reached XP level 2. HP: 16/16 MP: 4/4
   249 | D:1      | You fall into a shaft and drop 1 floor!
   362 | D:2      | 362 ||| FLEEEEING.
   363 | D:2      | 363 ||| FLEEEEING.
   364 | D:2      | 364 ||| FLEEEEING.
   365 | D:2      | 365 ||| FLEEEEING.
   366 | D:2      | 366 ||| FLEEEEING.
   367 | D:2      | 367 ||| FLEEEEING.
   368 | D:2      | 368 ||| FLEEEEING.
   369 | D:2      | 369 ||| STAIRDANCE
   384 | D:1      | Reached XP level 3. HP: 20/20 MP: 5/5
   647 | D:1      | Reached skill level 7 in Ranged Weapons
   983 | D:1      | 983 ||| UPGRADING to +0 pair of gloves.
   988 | D:1      | 988 ||| UPGRADING to amulet of the acrobat.
   993 | D:1      | 993 ||| READING scroll labelled REID LUYVACU.
   994 | D:1      | 994 ||| READING scroll labelled FONIZU CETACW.
   995 | D:1      | 995 ||| READING scroll labelled IKLAN IRRO.
   998 | D:1      | 998 ||| READING scroll labelled ZAZ BODUZETISCH.
   998 | D:1      | 998 ||| IDENTIFYING red potion
   999 | D:1      | 999 ||| READING scroll labelled XIBLESSY SISAA.
   999 | D:1      | 999 ||| ENCHANTING +0 shortbow.
  1000 | D:1      | 1000 ||| DROPPING scroll of butterflies.
  1237 | D:2      | Reached XP level 4. HP: 25/25 MP: 6/6
  1239 | D:2      | Noticed Robin
  1253 | D:2      | HP: 4/25 [goblin/+0 club[Robin] (4)]
  1254 | D:2      | 1254 ||| READING scroll of teleportation.
  1256 | D:2      | Killed Robin
  1404 | D:2      | Noticed Terence
  1414 | D:2      | Killed Terence
  1415 | D:2      | Reached skill level 8 in Ranged Weapons
  1730 | D:2      | 1730 ||| UPGRADING to +0 scale mail.
  1740 | D:2      | 1740 ||| DROPPING +0 leather armour.
  1741 | D:2      | 1741 ||| UPGRADING to +0 helmet.
  1746 | D:2      | 1746 ||| READING scroll of identify.
  1746 | D:2      | 1746 ||| IDENTIFYING murky emerald potion
  1747 | D:2      | 1747 ||| READING scroll labelled GUONOY WOGENTA.
  1748 | D:2      | 1748 ||| DROPPING potion of attraction.
  1939 | D:3      | Reached XP level 5. HP: 29/29 MP: 7/7
  2110 | D:3      | Reached skill level 1 in Armour
  2426 | D:3      | 2426 ||| UPGRADING to +0 ring mail.
  2436 | D:3      | 2436 ||| DROPPING +0 scale mail.
  2437 | D:3      | 2437 ||| READING 2 scrolls of identify.
  2437 | D:3      | 2437 ||| IDENTIFYING bubbling red potion
  2438 | D:3      | 2438 ||| READING scroll of identify.
  2438 | D:3      | 2438 ||| IDENTIFYING sedimented brown potion
  2439 | D:3      | 2439 ||| DRINKING 3 green potions.
  2440 | D:3      | 2440 ||| DROPPING potion of magic.
  2441 | D:3      | 2441 ||| DROPPING potion of ambrosia.
  2511 | D:4      | Found Exzewkua's Distillery.
  2518 | D:4      | 2518 ||| BUYING 2 potions of mutation (160 gold).
  2518 | D:4      | Bought 2 potions of mutation for 160 gold pieces
  2518 | D:4      | 2518 ||| SHOPLISTING potion of cancellation (80 gold, have
                  | 37).
  2518 | D:4      | 2518 ||| BUYING potion of curing (30 gold).
  2518 | D:4      | Bought a potion of curing for 30 gold pieces
  2518 | D:4      | 2518 ||| SHOPLISTING potion of curing (30 gold, have 7).
  2598 | D:4      | Found Botrisel's Antique Armour Shoppe.
  2608 | D:4      | 2608 ||| SHOPLISTING jewelled robe (125 gold, have 19).
  2608 | D:4      | 2608 ||| SHOPLISTING pair of glowing gloves (165 gold, have
                  | 19).
  2608 | D:4      | 2608 ||| SHOPLISTING runed scarf (176 gold, have 19).
  2616 | D:4      | Found a shimmering blue altar of Sif Muna.
  2817 | D:4      | Found Uggan's Magic Scroll Shoppe.
  2827 | D:4      | 2827 ||| SHOPLISTING 2 scrolls of teleportation (72 gold,
                  | have 23).
  2827 | D:4      | 2827 ||| SHOPLISTING scroll of enchant armour (90 gold,
                  | have 23).
  2827 | D:4      | 2827 ||| SHOPLISTING scroll of identify (24 gold, have 23).
  2827 | D:4      | 2827 ||| SHOPLISTING scroll of teleportation (36 gold, have
                  | 23).
  2851 | D:4      | Reached skill level 9 in Ranged Weapons
  2851 | D:4      | Found Lisac's Antique Armour Shoppe.
  2859 | D:4      | 2859 ||| SHOPLISTING shiny helmet (135 gold, have 23).
  2893 | D:4      | Found Nabuixo's Antique Armour Boutique.
  2897 | D:4      | 2897 ||| SHOPLISTING dazzling scale mail (207 gold, have
                  | 36).
  2897 | D:4      | 2897 ||| SHOPLISTING runed leather armour (115 gold, have
                  | 36).
  2897 | D:4      | 2897 ||| SHOPLISTING runed ring mail (161 gold, have 36).
  3024 | D:4      | Reached XP level 6. HP: 35/35 MP: 8/8
  3191 | D:4      | 3191 ||| UPGRADING to +0 cloak.
  3196 | D:4      | 3196 ||| READING scroll labelled HUSUORHANI.
  3197 | D:4      | 3197 ||| READING scroll labelled VYVEMI BESA.
  3202 | D:5      | Entered Level 5 of the Dungeon
  3261 | D:5      | 3261 ||| DROPPING ring of magical power.
  3325 | D:5      | Found a white marble altar of Elyvilon.
  3398 | D:5      | 3398 ||| UPGRADING to ring of protection from cold.
  3399 | D:5      | 3399 ||| READING scroll labelled HOPULU GITACWY.
  3399 | D:5      | 3399 ||| BRANDING +1 shortbow.
  3400 | D:5      | 3400 ||| DRINKING 2 murky brown potions.
  3401 | D:5      | 3401 ||| DROPPING potion of degeneration.
  3547 | D:5      | Reached skill level 10 in Ranged Weapons
  3587 | D:5      | Found a staircase to the Ecumenical Temple.
  3588 | D:5      | 3588 ||| PLANNING TEMPLE
  3588 | D:5      | 3588 ||| UPGRADING to ring of protection from cold.
  3589 | D:5      | 3589 ||| READING scroll of identify.
  3589 | D:5      | 3589 ||| IDENTIFYING metallic inky potion
  3590 | D:5      | 3590 ||| DROPPING potion of brilliance.
  3595 | Temple   | Entered the Ecumenical Temple
  3596 | Temple   | 3596 ||| PLANNING D:1-11
  3867 | D:6      | Reached XP level 7. HP: 40/40 MP: 9/9
  3988 | D:6      | Noticed Grinder
  3993 | D:6      | 3993 ||| ZAPPING wand of paralysis (4) at 6,2 (Grinder;
                  | floor).
  3994 | D:6      | 3994 ||| ZAPPING wand of paralysis (3) at 5,2 (Grinder;
                  | floor).
  3998 | D:6      | Killed Grinder
  3999 | D:6      | Reached skill level 11 in Ranged Weapons
  4273 | D:6      | Reached skill level 3 in Dodging
  4768 | D:6      | HP: 2/40 [orc warrior/+0 short sword (9)]
  4769 | D:6      | 4769 ||| READING 2 scrolls of teleportation.
  4769 | D:6      | Mangled by an orc warrior

Levels and vault maps discovered:
D:1:      spicycebolla_green_bress_n_ham, layout_basic,
          hangedman_abyss_or_decor_lesser_grid, minmay_three_crescents
D:2:      layout_loops_ring, uniq_terence, uniq_robin
D:3:      layout_loops_ring
D:4:      layout_basic, nicolae_overflow_hidden_temple, serial_shops, shop,
          shop, nicolae_shop_back_alley_shop, shop, shop
D:5:      layout_basic, old_standard_altar, temple_doors_cd, minivault_27
D:6:      layout_layer_cave, uniq_grinder
Temple:   minmay_temple_bridge_abc

Skill      XL: |  1  2  3  4  5  6  7 |
---------------+----------------------+-----
Ranged Weapons | 6 7 8 9 10 11 | 11.9
Armour         | 1 |  1.0
Fighting       | 2 |  2.3
Dodging        | 3 |  3.0
Stealth        | |  1.2

Action                     |  1- 3 |  4- 6 |  7- 9 || total
---------------------------+-------+-------+-------++-------
   Fire: Shortbow          |   100 |   204 |    43 ||   347
  Evoke: Wand              |       |       |     2 ||     2
    Use: Scroll            |     5 |     9 |     1 ||    15
         Potion            |       |     2 |       ||     2
 Armour: Leather armour    |    17 |    27 |       ||    44
         Scale mail        |       |    17 |       ||    17
         Ring mail         |       |    15 |     8 ||    23
  Dodge: Dodged            |    24 |    45 |     5 ||    74

Table legend:
 A = Non-vault XP
 B = Vault XP
 C = Vault XP percentage of total XP
 D = Non-vault monster count
 E = Vault monster count
 F = Vault count percentage of total count
                 A         B        C        D         E       F
            +---------+---------+-------+---------+---------+-------
      Total |     886 |     367 |  29.3 |     103 |      21 |  16.9
            +---------+---------+-------+---------+---------+-------
        D:1 |      58 |      11 |  15.9 |      34 |       6 |  15.0
        D:2 |      39 |      70 |  64.2 |      13 |      14 |  51.9
        D:3 |      90 |       0 |   0.0 |      20 |       0 |   0.0
        D:4 |     165 |       0 |   0.0 |      11 |       0 |   0.0
        D:5 |     281 |       0 |   0.0 |      15 |       0 |   0.0
        D:6 |     253 |     286 |  53.1 |      10 |       1 |   9.1
            +---------+---------+-------+---------+---------+-------
